 Dungeon Crawl Stone Soup version 0.26-a0-651-gb41185065b (webtiles) character file.

Game seed: 4525239240574835626

(classic levelgen) 32 EnegeticOcto the Chopper (level 3, 33/33 HPs)
             Began as a Deep Dwarf Fighter on Oct 23, 2020.
             Was a Follower of Nemelex Xobeh.
             Quit the game on level 2 of the Dungeon.
             The game lasted 00:01:12 (201 turns).

EnegeticOcto the Chopper (Deep Dwarf Fighter)        Turns: 201, Time: 00:01:13

Health: 33/33      AC:  8    Str: 19    XL:     3   Next: 10%
Magic:  3/3        EV:  7    Int:  9    God:    Nemelex Xobeh [*.....]
Gold:   8          SH:  9    Dex: 12    Spells: 2/2 levels left

rFire    . . .     SeeInvis .   a - +0 war axe
rCold    . . .     Faith    .   c - +0 kite shield
rNeg     . . .     Spirit   .   b - +0 scale mail
rPois    .         Reflect  .   f - +0 helmet
rElec    .         Harm     .   (no cloak)
rCorr    .         Rampage  .   (no gloves)
MR       .....                  (no boots)
Stlth    ..........             (no amulet)
HPRegen  0.00/turn              (no ring)
MPRegen  0.08/turn              (no ring)

@: non-regenerating
A: damage resistance, heal wounds, sense surroundings 1, no regeneration
a: Heal Wounds, Draw Escape, Draw Destruction, Draw Summoning, Renounce Religion


You were on level 2 of the Dungeon.
You worshipped Nemelex Xobeh.
Nemelex Xobeh was aware of your devotion.
You visited 1 branch of the dungeon, and saw 2 of its levels.

You collected 8 gold pieces.

Inventory:

Hand Weapons
 a - a +0 war axe (weapon)
Armour
 b - a +0 scale mail (worn)
 c - a +0 kite shield (worn)
 f - a +0 helmet (worn)
Scrolls
 e - 2 scrolls of identify {unknown}
 g - a scroll of blinking {unknown}
Potions
 d - a potion of might {@q3}


   Skills:
 - Level 2.6 Fighting
 + Level 4.0 Axes
 - Level 3.2 Armour
 - Level 3.2 Shields


You had 2 spell levels left.
You didn't know any spells.
Your spell library was empty.

Dungeon Overview and Level Annotations

Branches:
Dungeon (2/15)

Altars:
Nemelex Xobeh


Innate Abilities, Weirdness & Mutations

You are resistant to damage.
You can heal yourself by infusing magical energy.
You passively map a small area around you.
You do not regenerate.


Message History

Your shield prevents you from hitting the goblin.
You closely miss the goblin. The goblin barely misses you.
You block Robin's attack. The goblin hits you with a +0 club.
The hobgoblin hits you but does no damage.
You hit Robin but do no damage.
Robin is severely wounded.
You hit the hobgoblin. You slash the goblin!
You kill the goblin!
You closely miss the goblin. You hit the goblin.
You kill the goblin!
You block the goblin's attack. Robin barely misses you.
You block the hobgoblin's attack. Robin hits you but does no damage.
The goblin hits you but does no damage.
You slash Robin!
You kill Robin!
You hit the goblin.
You kill the goblin!
You closely miss the hobgoblin. The hobgoblin closely misses you.
You hit the hobgoblin but do no damage. You block the hobgoblin's attack.
The hobgoblin hits you with a +0 club.
You barely miss the hobgoblin.
The hobgoblin hits you but does no damage.
You slash the hobgoblin!
You kill the hobgoblin!
No target in view!
Items here: )) [[.
You start putting on your armour.
You continue putting on your +0 helmet. x4
You finish putting on your +0 helmet.
Found a scroll labeled DOAXKI JIDA.
e - 2 scrolls labeled DOAXKI JIDA (gained 1)
A worm comes into view.
Found a scroll labeled HENA XOIGRIMN.
You hit the worm.
The worm is lightly wounded.
The worm bites you!
You slash the worm!
The worm is almost dead.
You block the worm's attack.
You hit the worm but do no damage.
The worm is almost dead.
You hit the worm.
The worm is almost dead.
You block the worm's attack.
You barely miss the worm.
The worm is almost dead.
The worm barely misses you.
You hit the worm but do no damage.
The worm is almost dead.
You block the worm's attack.
You slash the worm!
You kill the worm!
Your Axes skill increases to level 4!
You have reached level 3!
Your experience leads to an increase in your attributes!
Increase (s)trength, (i)ntelligence, or (d)exterity?
You feel clever.
g - a scroll labeled HENA XOIGRIMN A frilled lizard comes into view.
The frilled lizard hisses angrily.
A rat comes into view.
Found a dagger.
The rat bites you but does no damage.
You are too injured to fight recklessly!
You are too injured to fight recklessly!
You are too injured to fight recklessly!
You feel much better. You block the frilled lizard's attack.
The rat barely misses you.
You slash the rat!
You kill the rat!
You miss the frilled lizard.
The frilled lizard bites you but does no damage. x2
You miss the frilled lizard. You block the frilled lizard's attack.
You miss the frilled lizard. You block the frilled lizard's attack.
The frilled lizard barely misses you.
You miss the frilled lizard. You block the frilled lizard's attack.
You miss the frilled lizard.
The frilled lizard bites you but does no damage.
You closely miss the frilled lizard. You block the frilled lizard's attack.
The frilled lizard barely misses you.
You hit the frilled lizard.
You kill the frilled lizard!
No target in view!
Found a robe.
Found 8 gold pieces.
You now have 8 gold pieces.
Found a faded altar of an unknown god.
A bat comes into view.
The bat hits you but does no damage.
Found 2 gold pieces.
The bat hits you but does no damage. The bat hits you but does no damage.
The bat completely misses you.
There is a faded altar of an unknown god here.
You cannot tell which god this altar belongs to.
Convert to them anyway?
Nemelex Xobeh accepts your prayer! Nemelex Xobeh welcomes you!
You can now draw from decks of power.
Nemelex will now gift you decks of power as you gain piety.
The bat hits you.
Are you sure you want to abandon this character and quit the game? (Confirm with "yes".)

* * , , * # , *
### #. ,#..# , *
.###.###,...#*#.
* ........
...#...,, , * ,
......b#.......
, ,
......#.#......
, ** ,
#####.#.@.# ** *
.$.....#.#..#
*###....#...#
##.......#
#.####### , #.#
#.# #.# #.#


You could see a bat.

Vanquished Creatures
  Robin (D:2)
  A worm (D:2)
  9 goblins (D:2)
  3 hobgoblins (D:2)
  A frilled lizard (D:2)
  A rat (D:2)
16 creatures vanquished.

Notes
Turn   | Place    | Note
-------+----------+-------------------------------------------
     0 | D:1      | EnegeticOcto the Deep Dwarf Fighter began the quest for the
                  | Orb.
     0 | D:1      | Reached XP level 1. HP: 20/20 MP: 1/1
    29 | D:2      | Noticed Robin
    37 | D:2      | Reached skill level 3 in Axes
    37 | D:2      | Reached XP level 2. HP: 20/27 MP: 2/2
    41 | D:2      | Killed Robin
    86 | D:2      | Reached skill level 4 in Axes
    86 | D:2      | Reached XP level 3. HP: 13/33 MP: 3/3
   194 | D:2      | Found a faded altar of an unknown god.
   200 | D:2      | Became a worshipper of Nemelex Xobeh the Trickster
   200 | D:2      | Reached * piety under Nemelex Xobeh
   201 | D:2      | Quit the game

Illustrated notes

Levels and vault maps discovered:
D:1:      giann_wishing_wells, layout_basic, minivault_23
D:2:      layout_basic, chequers_ecumenical_altar_simple_redux,
          hangedman_decor_push, fedhas_altar_fruit_tree, uniq_sigmund,
          uniq_robin

Skill      XL: |  1  2 |
---------------+-------+-----
Axes           | 3 4 |  4.0
Fighting       | |  2.6
Armour         | |  3.2
Shields        | |  3.2

Action                   || total
-------------------------++-------
Melee: War axe           ||    28
 Abil: Heal Wounds       ||     1
Armor: Scale mail        ||    24
Dodge: Dodged            ||    16
Block: Kite shield       ||    20

Table legend: (Time is in decaauts)
 A = Elapsed time spent in this place.
 B = Non-inter-level travel time spent in this place.
 C = Inter-level travel time spent in this place.
 D = Time resting spent in this place.
 E = Time spent auto-exploring this place.
 F = Levels seen in this place.
 G = Mean time per level.
                   A        B        C        D        E       F      G
               +--------+--------+--------+--------+--------+-----+--------+
         Total |    212 |    212 |      0 |      0 |      0 |   2 |  106.0 |
       Dungeon |    212 |    212 |      0 |      0 |      0 |   2 |  106.0 |
               +--------+--------+--------+--------+--------+-----+--------+

Top non-repeatable levels by time:
     D:2: 183 daAuts
     D:1: 29 daAuts
